 Dungeon Crawl Stone Soup version 0.30-a0-297-g0ec75d9ef4 (webtiles) character file.

Game seed: 9286390196946180991

14 lonewolfV2 the Shield-Bearer (level 2, -12/27 HPs)
             Began as a Minotaur Fighter on Oct 19, 2022.
             Killed by an exploding rat (39 damage)
             ... ignited by their inner flame
             ... on level 1 of the Dungeon.
             The game lasted 00:00:46 (218 turns).

lonewolfV2 the Shield-Bearer (Minotaur Fighter)      Turns: 218, Time: 00:00:47

Health: -12/27     AC:  7    Str: 20    XL:     2   Next: 31%
Magic:  1/1        EV:  9    Int:  5    God:
Gold:   6          SH:  4    Dex:  9    Spells: 1/1 levels left

rFire   . . .      SeeInvis .    a - +0 war axe
rCold   . . .      Faith    .    c - +0 buckler
rNeg    . . .      Spirit   .    b - +0 scale mail
rPois   .          Reflect  .    (helmet restricted)
rElec   .          Harm     .    (no cloak)
rCorr   .          Rampage  .    (no gloves)
Will    .....                    (no boots)
Stlth   ..........               (no amulet)
HPRegen 0.24/turn                (no ring)
MPRegen 0.07/turn                (no ring)

@: no status effects
A: horns 2, retaliatory headbutt
a: no special abilities


You were on level 1 of the Dungeon.
You visited 1 branch of the dungeon, and saw 1 of its levels.

You collected 6 gold pieces.

Inventory:

Hand Weapons
 a - a +0 war axe (weapon)
Armour
 b - a +0 scale mail (worn)
 c - a +0 buckler (worn)
Potions
 d - a potion of might
 e - 2 potions of degeneration {unknown}


   Skills:
 + Level 3.9 Fighting
 * Level 2.6 Axes
 + Level 3.9 Armour
 + Level 3.9 Shields


You had one spell level left.
You didn't know any spells.
Your spell library was empty.

Dungeon Overview and Level Annotations

Branches:
Dungeon (1/15)

Altars:


Innate Abilities, Weirdness & Mutations

You have a pair of horns on your head.
You reflexively headbutt those who attack you in melee.


Message History

The jackal bites you but does no damage.
You barely miss the goblin. You barely miss the jackal.
The jackal bites you but does no damage.
The goblin barely misses you. The jackal bites you.
The goblin closely misses you.
You closely miss the goblin. You headbutt the goblin.
You kill the goblin!
You hit the quokka but do no damage. You hit the jackal.
A jackal comes into view.
The quokka bites you but does no damage.
The jackal bites you. The quokka bites you.
The jackal bites you but does no damage.
You completely miss the quokka.
The jackal barks!
You hit the jackal.
You kill the jackal!
The quokka closely misses you. You furiously retaliate!
You headbutt the quokka!
You kill the quokka!
You slash the jackal!
You kill the jackal!
A rat comes into view.
A rat is nearby!
A rat is nearby!
A rat is nearby!
You closely miss the rat. The rat closely misses you. You furiously retaliate!
You headbutt the rat!
You kill the rat!
A rat comes into view.
You see here a scroll labelled QALOTO VANLUR.
f - a scroll labelled QALOTO VANLUR
Okay, then.
As you read the scroll labelled QALOTO VANLUR, it crumbles to dust.
The creatures around you are filled with an inner flame!
It was a scroll of immolation.
You slash the rat!
The rat explodes!
The fiery explosion engulfs you!!!
Ouch! That really hurt!
You die...

#...# #...#
#####).†######
#......)..#..
#.....#.##.#.####
#.....#.##.#....##.
#.....#.......#....
#....#####§.....#
#.#.....§§@..#..#
........§§§........
#.##.###.###.#.# #.
#.. ..# . .### ## .
. . ..


There were no monsters in sight!

Vanquished Creatures
  A dart slug (D:1)
  A ball python (D:1)
  An endoplasm (D:1)
  A goblin (D:1)
  2 jackals (D:1)
  2 quokkas (D:1)
  A frilled lizard (D:1)
  A kobold (D:1)
  2 rats (D:1)
12 creatures vanquished.

Notes
Turn   | Place    | Note
-------+----------+-------------------------------------------
     0 | D:1      | lonewolfV2 the Minotaur Fighter began the quest for the
                  | Orb.
     0 | D:1      | Reached XP level 1. HP: 19/19 MP: 0/0
   165 | D:1      | Reached XP level 2. HP: 24/27 MP: 1/1
   218 | D:1      | Killed by an exploding rat... ignited by their inner flame

Illustrated notes

Levels and vault maps discovered:
D:1:      tarquinn_simple_flora_water_e, layout_loops_cross,
          shapermc_ecumenical_altar_pompeii

Action                   || total
-------------------------++-------
Melee: War axe           ||    19
       Headbutt          ||     3
  Use: Scroll            ||     1
Armor: Scale mail        ||    11
Dodge: Dodged            ||     9
Block: Buckler           ||     4

Table legend: (Time is in decaauts)
 A = Elapsed time spent in this place.
 B = Non-inter-level travel time spent in this place.
 C = Inter-level travel time spent in this place.
 D = Time resting spent in this place.
 E = Time spent auto-exploring this place.
 F = Levels seen in this place.
 G = Mean time per level.
                   A        B        C        D        E       F      G
               +--------+--------+--------+--------+--------+-----+--------+
         Total |    225 |    225 |      0 |      0 |    146 |   1 |  225.0 |
       Dungeon |    225 |    225 |      0 |      0 |    146 |   1 |  225.0 |
               +--------+--------+--------+--------+--------+-----+--------+

Top non-repeatable levels by time:
     D:1: 225 daAuts
